 Dungeon Crawl Stone Soup version 0.22.0-75-g3901e79 (webtiles) character file.

4013 Fang the Cleaver (level 10, 0/94 HPs)
             Began as a Gargoyle Berserker on Sept 13, 2018.
             Was an Elder of Trog.
             Slain by a vampire (8 damage)
             ... on level 9 of the Dungeon.
             The game lasted 00:21:07 (9344 turns).

Fang the Cleaver (Gargoyle Berserker)               Turns: 9344, Time: 00:21:08

Health: 0/94       AC: 19    Str: 35    XL:     10   Next: 23%
Magic:  10/10      EV: 13    Int: 12    God:    Trog [****..]
Gold:   346        SH:  0    Dex:  9    Spells: 9/9 levels left

rFire    . . .     SeeInvis .   a - +2 hand axe
rCold    . . .     Gourm    +   (no shield)
rNeg     + . .     Faith    .   z - +1 scale mail {rPois}
rPois    ∞         Spirit   .   (no helmet)
rElec    +         Reflect  .   r - +1 cloak {rPois}
rCorr    .         Harm     .   (no gloves)
MR       .....                  v - +1 pair of boots
Stlth    ..........             A - amulet of the gourmand
HPRegen  0.25/turn              h - +2 ring of intelligence
MPRegen  0.12/turn              y - +4 ring of strength

@: berserking, very quick
A: clever 1, negative energy resistance 1, electricity resistance, strong 1,
unbreathing, petrification resistance, rot immunity, AC +7
a: Berserk, Trog's Hand, Brothers in Arms, Renounce Religion


You were on level 9 of the Dungeon.
You worshipped Trog.
Trog was greatly pleased with you.
You were hungry.

You visited 2 branches of the dungeon, and saw 10 of its levels.

You collected 346 gold pieces.

Inventory:

Hand Weapons
 a - a +2 hand axe (weapon)
Missiles
 w - 5 tomahawks of returning (quivered)
Armour
 r - a +1 cloak of poison resistance (worn)
 v - a +1 pair of boots (worn)
 z - a +1 scale mail of poison resistance (worn)
Jewellery
 h - a +2 ring of intelligence (left hand)
 p - an uncursed ring of fire
 q - an uncursed ring of fire
 s - an uncursed amulet of magic regeneration
 y - a +4 ring of strength (right hand)
 A - an amulet of the gourmand (around neck)
Wands
 b - a wand of random effects (14)
 n - a wand of iceblast (7)
 t - a wand of digging (6)
 x - a wand of flame (12)
Scrolls
 d - 3 scrolls of teleportation
 e - a scroll of identify
 i - 4 scrolls of remove curse
 j - a scroll of fog
Potions
 f - 6 potions of heal wounds
 g - 8 potions of curing
 k - a potion of might
 l - 3 potions of haste
 m - a potion of resistance {unknown}
 o - 2 potions of agility
 u - a potion of lignification
Comestibles
 c - 13 rations


   Skills:
 + Level 7.5 Fighting
 + Level 9.3 Axes
 + Level 2.6 Armour
 + Level 6.2 Dodging
 + Level 5.6 Stealth


You had 9 spell levels left.
You didn't know any spells.
Your spell library was empty.

Dungeon Overview and Level Annotations

Branches:
Dungeon (9/15)             Temple (1/1) D:6
   Lair: D:8-11         Orc: D:9-12

Altars:
Ashenzari
Cheibriados
Kikubaaqudgha
Ru
Vehumet
Wu Jian

Shops:
D:5 [   D:8 [


Innate Abilities, Weirdness & Mutations

You are resistant to torment.
Your stone body is resilient. (AC +7)
You are immune to poison.
You resist negative energy. (rN+)
You are resistant to electric shocks. (rElec)
You can survive without breathing.
You are immune to petrification.
You are immune to rotting.
Your mind is acute. (Int +2)
Your muscles are strong. (Str +2)


Message History

The troll claws you but does no damage. x2
Something hits you but does no damage. Something bites you but does no damage.
You slice something!! You slash the troll!
Unknown command.
Your scale mail prevents you from hitting something.
You closely miss the troll. The troll bites you but does no damage.
The troll misses you. The troll claws you but does no damage.
Unholy energy fills the air.
* * * LOW HITPOINT WARNING * * *
Unknown command.
You closely miss something. You hit the troll. The troll barely misses you.
The troll claws you.
* * * LOW HITPOINT WARNING * * *
The troll claws you but does no damage.
You slash the troll!
The troll is severely wounded.
You miss something. Something hits you.
* * * LOW HITPOINT WARNING * * *
Something bites you!
You die...

#.# #.# #.# #.#
# #.#.#
#######.#.#####
#......)...T...
####.##T#.#####
#.##@#...
#.##{# ###
#.##.# #.#...
#)#..# #.#..#
#[#..#
#[#..####
#.#....<#


You could see a troll.

Vanquished Creatures
  Prince Ribbit (D:7)
  A hippogriff (D:8)
  Sigmund (D:6)
  2 wyverns (D:8)
  Menkaure (D:7)
  Duvessa (D:7)
  A water moccasin (D:8)
  2 ice beasts
  2 sky beasts (D:7)
  An orc warrior (D:9)
  The ghost of Tsarbomb the Chopper, an amateur MiBe of Trog (D:3)
  3 ogres
  A centaur (D:6)
  A crocodile (D:8)
  4 bullfrogs
  A gnoll sergeant (D:9)
  Dowan (D:7)
  A wyvern skeleton (D:8)
  A scorpion (D:7)
  6 electric eels (D:8)
  A jelly (D:7)
  5 crimson imps (D:5)
  3 bullfrog zombies
  2 quasits
  4 hounds
  2 orc priests
  2 iguanas
  6 worker ants
  A hound skeleton (D:7)
  A mummy (D:7)
  A worker ant zombie (D:7)
  13 gnolls
  9 adders
  A hound simulacrum (D:3)
  4 shadow imps
  A worker ant simulacrum (D:3)
  A howler monkey simulacrum (D:3)
  3 oozes
  4 worms
  2 dart slugs
  An adder simulacrum (D:3)
  3 leopard geckos
  26 orcs
  7 bats
  5 giant cockroaches
  9 goblins
  5 hobgoblins
  10 jackals
  3 quokkas
  12 frilled lizards
  A giant cockroach zombie (D:5)
  9 kobolds
  A quokka skeleton (D:8)
  11 rats
202 creatures vanquished.

Vanquished Creatures (others)
  A plant (D:8)
1 creature vanquished.

Grand Total: 203 creatures vanquished

Notes
Turn   | Place    | Note
-------+----------+-------------------------------------------
     0 | D:1      | Fang the Gargoyle Berserker began the quest for the Orb.
     0 | D:1      | Reached XP level 1. HP: 14/14 MP: 1/1
    72 | D:1      | Reached XP level 2. HP: 16/19 MP: 2/2
   288 | D:1      | Reached skill level 3 in Axes
   621 | D:1      | Reached XP level 3. HP: 22/24 MP: 3/3
   930 | D:1      | Reached ** piety under Trog
   972 | D:2      | Found a faded altar of an unknown god.
  1324 | D:2      | Reached XP level 4. HP: 29/29 MP: 4/4
  2082 | D:3      | Reached XP level 5. HP: 32/33 MP: 5/5
  2193 | D:3      | Found a runed gate.
  2193 | D:3      | Found a runed gate.
  2193 | D:3      | Found a runed gate.
  2288 | D:3      | Noticed Tsarbomb's ghost (amateur MiBe)
  2372 | D:3      | Reached *** piety under Trog
  2414 | D:3      | Found an ornate altar of the Wu Jian Council.
  2416 | D:3      | Reached skill level 4 in Axes
  2423 | D:3      | Found an ancient bone altar of Kikubaaqudgha.
  2639 | D:3      | Reached skill level 1 in Stealth
  3097 | D:3      | Killed Tsarbomb's ghost
  3097 | D:3      | Reached XP level 6. HP: 39/39 MP: 6/6
  3505 | D:4      | Reached skill level 5 in Axes
  3506 | D:4      | Reached XP level 7. HP: 22/44 MP: 7/7
  3887 | D:5      | Entered Level 5 of the Dungeon
  4309 | D:5      | Found Zurizam's Antique Armour Shop.
  4326 | D:5      | Reached skill level 5 in Fighting
  4526 | D:5      | Reached skill level 6 in Axes
  4576 | D:5      | Found a sacrificial altar of Ru.
  4676 | D:5      | Reached **** piety under Trog
  4794 | D:5      | Reached XP level 8. HP: 47/49 MP: 8/8
  5066 | D:6      | Found a shattered altar of Ashenzari.
  5204 | D:6      | Found a radiant altar of Vehumet.
  5204 | D:6      | Found a staircase to the Ecumenical Temple.
  5740 | D:6      | Noticed Sigmund
  5747 | D:6      | Killed Sigmund
  5831 | D:6      | Gained mutation: Your magical capacity is low. (-10% MP)
                  | [potion of mutation]
  5831 | D:6      | Lost mutation: Your magical capacity is low. (-10% MP)
                  | [potion of mutation]
  5831 | D:6      | Gained mutation: Your muscles are strong. (Str +2) [potion
                  | of mutation]
  5831 | D:6      | Gained mutation: Your mind is acute. (Int +2) [potion of
                  | mutation]
  5866 | D:6      | Reached skill level 7 in Axes
  6349 | Temple   | Entered the Ecumenical Temple
  6457 | D:7      | Found a snail-covered altar of Cheibriados.
  6591 | D:7      | Noticed Prince Ribbit
  6601 | D:7      | Killed Prince Ribbit
  6601 | D:7      | Reached XP level 9. HP: 55/55 MP: 9/9
  6699 | D:7      | Reached skill level 5 in Dodging
  6823 | D:7      | Noticed Menkaure
  6834 | D:7      | Killed Menkaure
  7015 | D:7      | Noticed Dowan
  7016 | D:7      | Noticed Duvessa
  7038 | D:7      | Killed Duvessa
  7043 | D:7      | Killed Dowan
  7167 | D:7      | Reached skill level 8 in Axes
  7541 | D:8      | Reached ***** piety under Trog
  7554 | D:8      | Reached skill level 5 in Stealth
  8029 | D:8      | Found Quen's Antique Armour Shop.
  8237 | D:8      | Reached skill level 9 in Axes
  8237 | D:8      | Reached XP level 10. HP: 44/63 MP: 10/10
  8670 | D:8      | Received a gift from Trog
  9344 | D:9      | Slain by a vampire

Skill      XL: |  1  2  3  4  5  6  7  8  9 |
---------------+----------------------------+-----
Axes           | 3 4 5 6 7 9 |  9.3
Fighting       | 4 5 6 7 |  7.5
Dodging        | 2 3 4 6 |  6.2
Stealth        | 1 2 4 5 |  5.6
Armour         | |  2.6

Action                   |  1- 3 |  4- 6 |  7- 9 | 10-12 || total
-------------------------+-------+-------+-------+-------++-------
Melee: Hand axe          |   140 |   181 |   450 |   162 ||   933
Invok: Berserk           |       |     3 |     5 |     2 ||    10
  Use: Scroll            |       |       |    19 |       ||    19
       Potion            |       |       |     1 |       ||     1
 Stab: Sleeping          |       |     1 |    13 |     1 ||    15
  Eat: Chunk             |     2 |     6 |    13 |    11 ||    32
       Ration            |       |     1 |     2 |       ||     3
Armor: Animal skin       |    42 |    60 |   158 |    15 ||   275
       Scale mail        |       |       |       |    52 ||    52
Dodge: Dodged            |    89 |   147 |   289 |    91 ||   616
